 Dungeon Crawl Stone Soup version 0.28.0-45-g0d030f2227 (webtiles) character file.

Game seed: 12709412879890209244

168 Kangaroobicon the Chopper (level 5, -2/43 HPs)
             Began as a Palentonga Fighter on Apr 24, 2022.
             Slain by a scorpion (6 damage)
             ... on level 4 of the Dungeon.
             The game lasted 00:19:23 (2264 turns).

Kangaroobicon the Chopper (Palentonga Fighter)      Turns: 2264, Time: 00:19:25

Health: -2/43      AC:  9    Str: 19    XL:     5   Next: 23%
Magic:  5/5        EV:  3    Int:  8    God:
Gold:   68         SH:  9    Dex: 12    Spells: 4/4 levels left

rFire   . . .      SeeInvis +   a - +0 war axe
rCold   . . .      Faith    .   c - +0 buckler
rNeg    . . .      Spirit   .   s - +0 plate armour
rPois   .          Reflect  +   (no helmet)
rElec   .          Harm     .   (no cloak)
rCorr   .          Rampage  .   (no gloves)
Will    .....                   (no barding)
Stlth   ..........              w - amulet of reflection
HPRegen 0.14/turn               (no ring)
MPRegen 0.09/turn               (no ring)

@: lethally poisoned (-2 -> -5)
A: large, rugged brown scales 3, see invisible, deformed body, roll 1, armoured
tail
a: Rolling Charge


You were on level 4 of the Dungeon.
You visited 1 branch of the dungeon, and saw 4 of its levels.

You collected 68 gold pieces.

Inventory:

Hand Weapons
 a - a +0 war axe (weapon)
Missiles
 p - 4 poisoned darts
Armour
 c - a +0 buckler (worn)
 s - a +0 plate armour (worn)
Jewellery
 w - an amulet of reflection (around neck)
Wands
 o - a wand of paralysis (4)
Scrolls
 b - a scroll of holy word {unknown}
 e - 2 scrolls of teleportation {unknown}
 g - a scroll of vulnerability {unknown}
 h - a scroll of fear {unknown}
 i - 3 scrolls of identify {unknown}
 j - a scroll of summoning {unknown}
 k - a scroll of blinking {unknown}
 l - a scroll of enchant weapon {unknown}
 n - a scroll of noise {unknown}
 q - a scroll of amnesia {unknown}
 u - a scroll of magic mapping {unknown}
 v - a scroll of acquirement {unknown}
Potions
 d - a potion of might
 f - a potion of ambrosia {unknown}
 m - 3 potions of degeneration {unknown}
 r - a potion of haste {unknown}
 t - a potion of curing {unknown}


   Skills:
 + Level 3.4 Fighting
 + Level 4.1 Axes
 + Level 3.1 Armour
 + Level 0.2 Dodging
 + Level 2.8 Shields


You had 4 spell levels left.
You didn't know any spells.
Your spell library contained the following spells:

 Spells                   Type           Power      Damage    Failure   Level
 Foxfire                  Conj/Fire      0%         2x1d4     100%        1
 Conjure Flame            Conj/Fire      0%         6-21      100%        3
 Inner Flame              Hex/Fire       0%         N/A       100%        3
 Ozocubu's Armour         Ice            0%         N/A       100%        3
 Flame Wave               Conj/Fire      0%         2d4       100%        4
 Ozocubu's Refrigeration  Ice            0%         4d5       100%        7


Dungeon Overview and Level Annotations

Branches:
Dungeon (4/15)
 Temple: D:4-7

Altars:
Fedhas

Annotations:
D:3 exclusion: oklob plant


Innate Abilities, Weirdness & Mutations

You are completely covered in rugged brown scales. (AC +3, +7% HP)
You have supernaturally acute eyesight. (SInv)
Armour fits poorly on your strangely shaped body.
You can roll at nearby foes to attack.
You have a long armoured tail.


Message History

You barely miss the scorpion.
Your tail-slap misses the scorpion.
The scorpion stings you.
You are poisoned.
The scorpion poisons you! The scorpion barely misses you.
You closely miss the scorpion.
You feel very sick. You block the scorpion's attack.
You barely miss the scorpion.
You hear the slow hiss of a very distant avalanche of sand.
You feel sick. The scorpion stings you!
You are more poisoned.
The scorpion poisons you!
The scorpion stings you but does no damage.
You hit the scorpion.
The scorpion is moderately wounded.
You feel very sick. The scorpion stings you!
You hit the scorpion but do no damage.
The scorpion is moderately wounded.
* * * LOW HITPOINT WARNING * * *
You feel very sick.
The scorpion stings you but does no damage.
You block the scorpion's attack.
You hit the scorpion but do no damage.
The scorpion is moderately wounded.
* * * LOW HITPOINT WARNING * * *
You feel very sick. You block the scorpion's attack.
You closely miss the scorpion.
The scorpion is moderately wounded.
* * * LOW HITPOINT WARNING * * *
You feel sick. You block the scorpion's attack.
The scorpion stings you but does no damage.
You slash the scorpion!
The scorpion is almost dead.
* * * LOW HITPOINT WARNING * * *
You feel sick.
The scorpion stings you but does no damage.
The scorpion stings you.
You die...

... ... .... .....
###+###.....
#.......$# #....s...#
#...@....# +........#
+######....#####
...........#
...........#
...........#
...........##########
#......####.........#
#......#....#.......#


You could see a scorpion.

Vanquished Creatures
  2 hounds (D:4)
  A hound skeleton (D:3)
  2 adders
  2 dart slugs
  3 orcs
  9 bats
  5 endoplasms
  2 giant cockroaches (D:2)
  7 goblins
  8 hobgoblins
  2 jackals (D:1)
  5 kobolds
  2 quokkas
  4 ball pythons (D:1)
  4 frilled lizards
  5 rats
63 creatures vanquished.

Vanquished Creatures (others)
  6 fungi (D:3)
  9 plants (D:3)
15 creatures vanquished.

Grand Total: 78 creatures vanquished

Notes
Turn   | Place    | Note
-------+----------+-------------------------------------------
     0 | D:1      | Kangaroobicon the Palentonga Fighter began the quest for
                  | the Orb.
     0 | D:1      | Reached XP level 1. HP: 19/19 MP: 1/1
   111 | D:1      | Reached XP level 2. HP: 15/25 MP: 2/2
   429 | D:1      | Reached XP level 3. HP: 26/31 MP: 3/3
   433 | D:1      | Found a faded altar of an unknown god.
  1417 | D:3      | Reached skill level 3 in Axes
  1417 | D:3      | Reached XP level 4. HP: 37/37 MP: 4/4
  2006 | D:3      | Found a blossoming altar of Fedhas.
  2017 | D:3      | Noticed an oklob plant
  2208 | D:4      | Reached XP level 5. HP: 34/43 MP: 5/5
  2229 | D:4      | Reached skill level 4 in Axes
  2264 | D:4      | Slain by a scorpion

Illustrated notes

Levels and vault maps discovered:
D:1:      psy_arrival_radial01, layout_basic, dreamdust_ecumenical_altar_statues
D:2:      layout_loops_ring, st_stairs_14
D:3:      layout_loops_cross, tgw_fedhas
D:4:      layout_gridville, nicolae_ossuary_entry_false_entrances,
          minmay_fountain_box, uniq_blork_the_orc

Skill      XL: |  1  2  3  4  5 |
---------------+----------------+-----
Axes           | 3 4 |  4.1
Armour         | 3 |  3.1
Fighting       | |  3.4
Dodging        | |  0.2
Shields        | |  2.8

Action                   |  1- 3 |  4- 6 || total
-------------------------+-------+-------++-------
Melee: War axe           |   104 |    84 ||   188
       Tailslap          |    13 |     8 ||    21
Armor: Scale mail        |    58 |       ||    58
       Plate armour      |     7 |    52 ||    59
Dodge: Dodged            |    20 |    12 ||    32
Block: Buckler           |    25 |    29 ||    54
